[Event "CCT Julius Baer-D3 2024"]
[Site "Online"]
[Date "2024.09.27"]
[Round "1.1"]
[White "Alekseenko, Kirill"]
[Black "Duda, Jan-Krzysztof"]
[Result "1-0"]
[ECO "B52"]
[WhiteElo "2621"]
[BlackElo "2749"]
[Annotator "TA"]
[PlyCount "87"]
[EventDate "2024.09.25"]
[EventType "swiss"]
[EventCountry "NET"]
[SourceTitle "playchess.com"]
[Source "ChessBase"]
[SourceQuality "1"]
[TimeControl "600+2"]

1. e4 c5 2. Nf3 d6 3. Bb5+ Bd7 4. Bxd7+ Nxd7 5. O-O Ngf6 6. d3 g6 7. c4 Bg7 8. Nc3 O-O {[%emt 0:00:03] The position is equal.} 9. h3 a6 10. Be3 Qc7 11. Qd2 Qc6 12. a4 e6 13. Bh6 Ne5 14. Nxe5 Bxh6 15. Qxh6 dxe5 16. f4 Qd6 17. f5 $1 Qxd3 (17... Kh8 $11 {keeps the balance.}) 18. Rad1 $40 {[%emt 0:01:03][%mdl 128] Black is in trouble.} Qxc4 19. Qg5 Nh5 {[%emt 0:01:03] [#]} (19... Nxe4 20. Nxe4 Qxe4 21. f6 $18) 20. f6 $1 {[%emt 0:00:33][%cal Og2g4] And now g4! would win.} Rfd8 $2 {[%emt 0:00:11] [#] Loses the game.} (20... h6 $16 21. Qxe5 (21. Qxh6 Rad8 $14) 21... b5) 21. g4 $1 $18 Rxd1 22. Rxd1 Nxf6 (22... Nf4 23. Qh6 (23. Qxe5 Ne2+ 24. Kf2 Nxc3 $15) 23... Nxh3+ 24. Kh2 (24. Qxh3 h5 $18) (24. Qxh3 h5 $18)) 23. Qxf6 {[%emt 0:00:02][%cal Oh3h4] h4! is the strong threat.} b5 $2 (23... Qb4 24. Rd2 (24. Qxe5 Qxb2 25. Qxc5 b5 $16) 24... c4 25. Qxe5 Qb6+ 26. Qd4 Qa5) 24. h4 ({Stronger than} 24. Qxe5 b4 25. Nb1 Qc2 $11) 24... b4 {[%emt 0:01:27] [#]} 25. h5 $1 gxh5 26. gxh5 {[%emt 0:00:13][%cal Oh5h6] White threatens h6! and mate.} h6 {[%emt 0:00:06] [#]} 27. Rf1 $1 Qd4+ 28. Kh1 (28. Rf2 $142 Ra7 29. Qxh6 (29. Ne2 Qe3 $16) 29... bxc3 30. bxc3 Qxe4 31. Rg2+ Qxg2+ 32. Kxg2) 28... Ra7 (28... Qe3 $142) 29. Rg1+ Kf8 30. Rd1 bxc3 31. Rxd4 cxd4 32. bxc3 {[%emt 0:00:12][%mdl 4096] Endgame. KQ-KR} ({Weaker is} 32. Qxe5 Rd7 $14) 32... Rd7 33. Qxh6+ ({Not} 33. Qxe5 d3 $11) 33... Ke8 34. Qh8+ Ke7 35. Qxe5 d3 36. Qg5+ Kf8 37. Qd2 e5 38. h6 {[%emt 0:00:07][%cal Bh5h6,Bh6h7][%mdl 32] h7 would kill now.} f5 39. Kg2 fxe4 40. Kf2 {[%emt 0:00:02] White mates.} Rf7+ 41. Ke3 Rf4 42. Qg2 Kf7 43. h7 Rh4 44. Qg8+ {[%emt 0:00:01] Weighted Error Value: White=0.26 (precise) /Black=0.62.  Loses game:     	---       	Black=1      Mistake:       	---       	Black=2      Inaccurate:     	---       	Black=1      OK:         	White=6     	Black=9      Strong:       	White=3     	---} 1-0

[Event "CCT Julius Baer-D3 2024"]
[Site "Online"]
[Date "2024.09.27"]
[Round "1.1"]
[White "Kobalia, Mikhail"]
[Black "Sindarov, Javokhir"]
[Result "1/2-1/2"]
[ECO "B33"]
[WhiteElo "2543"]
[BlackElo "2677"]
[Annotator "ChessBase"]
[PlyCount "113"]
[EventDate "2024.09.25"]
[EventType "swiss"]
[EventCountry "NET"]
[SourceTitle "playchess.com"]
[Source "ChessBase"]
[SourceQuality "1"]
[TimeControl "600+2"]

1. e4 c5 2. Nf3 e6 3. d4 cxd4 4. Nxd4 Nf6 5. Nc3 Nc6 6. Ndb5 d6 7. Bf4 e5 8. Bg5 a6 9. Na3 b5 10. Nd5 Be7 11. Bxf6 Bxf6 12. c4 b4 13. Nc2 a5 14. Be2 O-O 15. O-O Be6 16. Qd3 Bxd5 17. cxd5 Nb8 18. Ne3 Nd7 19. Rac1 Nc5 20. Rxc5 dxc5 21. Nc4 Ra7 22. Bg4 Qb8 23. d6 Rd8 24. Rd1 Qb7 25. Qe2 g6 26. Rd5 h5 27. Bh3 Qb5 28. g3 Kg7 29. Kg2 Qa4 30. b3 Qc6 31. Qe3 a4 32. Rxc5 Qa8 33. Rc7 Rb7 34. Be6 axb3 35. axb3 Rxd6 36. Rxb7 Rxe6 37. Qa7 Qxa7 38. Rxa7 h4 39. Ra5 Re7 40. Rb5 Ra7 41. Rxb4 Ra2 42. Rb7 Kf8 43. Rb8+ Kg7 44. b4 Re2 45. Kf3 Rc2 46. Ne3 Rc3 47. Rb7 Bg5 48. b5 hxg3 49. hxg3 Rb3 50. Ke2 Bxe3 51. fxe3 Kf6 52. b6 Kg5 53. Kf3 Rb2 54. Rb8 Rb3 55. Rb7 Rb2 56. Rb8 Rb3 57. Rb7 1/2-1/2

[Event "CCT Julius Baer-D3 2024"]
[Site "Online"]
[Date "2024.09.27"]
[Round "1.2"]
[White "Caruana, Fabiano"]
[Black "Martirosyan, Haik M."]
[Result "1-0"]
[ECO "C23"]
[WhiteElo "2798"]
[BlackElo "2667"]
[Annotator "TA"]
[PlyCount "77"]
[EventDate "2024.09.25"]
[EventType "swiss"]
[EventCountry "NET"]
[SourceTitle "playchess.com"]
[Source "ChessBase"]
[SourceQuality "1"]
[TimeControl "600+2"]

1. e4 e5 2. Bc4 Nf6 3. Qf3 Nc6 4. Ne2 d6 5. h3 g6 6. g4 (6. Nbc3 $11 {should be considered.}) 6... Be6 $15 7. d3 Bg7 (7... Nb4 {looks sharper.} 8. Bg5 Bg7 9. Na3 d5) 8. Nbc3 {[%emt 0:00:36] Black is slightly better.} Bxc4 9. dxc4 Nd7 10. Bd2 Nc5 (10... Nd4 $15 11. Nxd4 exd4) 11. O-O-O Ne6 12. Nd5 Ncd4 13. Nxd4 Nxd4 14. Qd3 c6 15. Ne3 Qe7 16. Kb1 Rd8 17. Qa3 O-O 18. h4 b5 19. cxb5 Nxb5 20. Qd3 d5 {[%emt 0:00:22] [#]} 21. Nxd5 $1 Qb7 (21... Qd7 22. Ne3) 22. a4 $1 {[%emt 0:00:23][%cal Od2b4] Black must now prevent Bb4!} Nd4 23. Ne3 Rb8 {[%emt 0:00:27] This costs Black the game.} (23... Nf3 $14 24. Qe2 Nxd2+ 25. Rxd2 Qb4 26. Rxd8 Rxd8) 24. Bc3 $18 Qe7 25. g5 Rb7 26. Qc4 Rfb8 27. Ka2 {[%emt 0:00:25] Prevents Qa3+.} a5 (27... Qe6 $16 {was worth a try.} 28. Rd3 c5 29. Qxe6 fxe6) 28. Rd3 (28. Bxa5 $2 Rxb2+ 29. Ka1 Qa3+) 28... Ne2 29. b3 (29. Qxc6 Bf8 $16) 29... Nd4 30. Rhd1 ({Stronger than} 30. Bxa5 Bf8 31. b4 Rxb4 32. Bxb4 Rxb4 $11) (30. h5 $6 Qxg5 31. Rh3 (31. Bxa5 Qf4 $16) 31... Ra8 32. hxg6 hxg6 $18) 30... Bf8 $2 (30... Re8 {is tougher.} 31. Bxa5 Reb8) 31. Rxd4 (31. Bxa5 $2 {too greedy.} Nxb3 32. Rxb3 (32. cxb3 $2 Qa3+ 33. Kb1 Rxb3+ 34. Rxb3 Rxb3+ $19) 32... Rxb3 33. cxb3 Qa3+ 34. Kb1 Rxb3+ $19 (34... Qxb3+ $2 35. Qxb3 Rxb3+ 36. Kc2 $18) (34... Qxb3+ $2 {loses.} 35. Qxb3 Rxb3+ 36. Kc2 $18)) 31... Qa3+ 32. Kb1 {[%emt 0:00:01][%cal Ba2b1,Bb1c2,Bc2d3,Bd3e2][%mdl 32] [#] Hoping for Rd7.} Rxb3+ 33. cxb3 Rxb3+ 34. Kc2 Qa2+ 35. Kd3 {[%emt 0:00:01] Threatens to win with Rd8.} Bb4 36. Rd8+ {[%emt 0:00:02] White mates.} Kg7 37. Rc1 Bxc3 38. Rxc3 Qb1+ 39. Ke2 {[%emt 0:00:03] Weighted Error Value: White=0.06 (flawless) /Black=0.51.  Mistake:       	---       	Black=4      Inaccurate:     	White=2     	Black=3      OK:         	White=11    	Black=9      Best:        	White=1     	---        Strong:       	White=1     	---        Brilliant:      	White=1     	---} 1-0

[Event "CCT Julius Baer-D3 2024"]
[Site "Online"]
[Date "2024.09.27"]
[Round "1.2"]
[White "Caruana, Fabiano"]
[Black "Micki-taryan"]
[Result "1-0"]
[ECO "C23"]
[WhiteElo "2744"]
[BlackElo "2652"]
[Annotator "TA"]
[PlyCount "77"]
[EventDate "2024.09.25"]
[EventType "swiss"]
[EventCountry "NET"]
[SourceTitle "playchess.com"]
[Source "ChessBase"]
[SourceQuality "1"]
[TimeControl "600+2"]

1. e4 e5 2. Bc4 Nf6 3. Qf3 Nc6 4. Ne2 d6 5. h3 g6 6. g4 Be6 7. d3 Bg7 8. Nbc3 {[%emt 0:00:36] [#] Black is slightly better.} Bxc4 $1 9. dxc4 Nd7 10. Bd2 Nc5 (10... Nd4 $15 11. Nxd4 exd4) 11. O-O-O $11 Ne6 12. Nd5 Ncd4 13. Nxd4 Nxd4 14. Qd3 c6 15. Ne3 Qe7 16. Kb1 Rd8 17. Qa3 O-O 18. h4 b5 19. cxb5 Nxb5 20. Qd3 d5 {[%emt 0:00:22] [#]} 21. Nxd5 $1 Qb7 (21... Qd7 22. Ne3) 22. a4 $1 {[%emt 0:00:23][%cal Od2b4] aiming for Bb4! White is more active.} Nd4 23. Ne3 Rb8 ({Black should play} 23... Nf3 $14 24. Qc3 Qa6 (24... Rd4 25. Nc4 $16)) 24. Bc3 $18 Qe7 25. g5 Rb7 26. Qc4 Rfb8 27. Ka2 {[%emt 0:00:25] Against Qa3+} a5 (27... Qe6 $16 28. Qxe6 fxe6) 28. Rd3 (28. Bxa5 $2 Rxb2+ 29. Ka1 Qa3+) 28... Ne2 {[%emt 0:00:34] [#]} 29. b3 $1 (29. Qxc6 Bf8 $14) 29... Nd4 30. Rhd1 (30. Bxa5 Bf8 31. b4 Rxb4 32. Bxb4 Rxb4 $11) (30. h5 Qxg5 31. Rdd1 (31. Bxa5 Qf4 $16) 31... Qf4 $14) 30... Bf8 $2 (30... Re8 31. Bxa5 Bf8) 31. Rxd4 (31. Bxa5 $2 {is the wrong capture.} Nxb3 32. Rxb3 (32. cxb3 $2 Qa3+ 33. Kb1 Rxb3+ 34. Rxb3 Rxb3+ $19) 32... Rxb3 33. cxb3 Qa3+ 34. Kb1 Rxb3+ $19 (34... Qxb3+ $2 {too greedy.} 35. Qxb3 Rxb3+ 36. Kc2 $18) (34... Qxb3+ $2 {loses.} 35. Qxb3 Rxb3+ 36. Kc2 $18)) 31... Qa3+ 32. Kb1 {[%emt 0:00:01][%cal Ba2b1,Bb1c2,Bc2d3,Bd3e2][%mdl 32] Threatens to win with Rd7.} Rxb3+ 33. cxb3 Rxb3+ 34. Kc2 Qa2+ 35. Kd3 Bb4 36. Rd8+ {[%emt 0:00:02] White mates.} Kg7 37. Rc1 Bxc3 38. Rxc3 Qb1+ 39. Ke2 {[%emt 0:00:03] Weighted Error Value: White=0.07 (flawless) /Black=0.54.  Mistake:       	---       	Black=4      Inaccurate:     	White=3     	Black=3      OK:         	White=9     	Black=7      Best:        	White=1     	---        Strong:       	White=2     	Black=1} 1-0

[Event "CCT Julius Baer-D3 2024"]
[Site "Online"]
[Date "2024.09.27"]
[Round "1.2"]
[White "Duda, Jan-Krzysztof"]
[Black "Alekseenko, Kirill"]
[Result "1-0"]
[ECO "D06"]
[WhiteElo "2738"]
[BlackElo "2632"]
[Annotator "TA"]
[PlyCount "81"]
[EventDate "2024.09.25"]
[EventType "swiss"]
[EventCountry "NET"]
[SourceTitle "playchess.com"]
[Source "ChessBase"]
[SourceQuality "1"]
[TimeControl "600+2"]

1. d4 d5 2. c4 c5 3. cxd5 Nf6 4. Nc3 Nxd5 5. e4 Nxc3 6. bxc3 cxd4 7. cxd4 e5 8. dxe5 {[%emt 0:00:47] White has an edge.} (8. Nf3 {simplifies} exd4 9. Qxd4 Qxd4 10. Nxd4 Bc5 11. Be3) 8... Bb4+ 9. Bd2 Qd4 10. Rc1 (10. Nf3 $5 Qxe4+ (10... Bxd2+ 11. Nxd2 Nd7 12. Bb5 $11) 11. Be2 $15) 10... Qxe4+ 11. Be2 Bxd2+ (11... Qxg2 12. Rxc8+ Ke7 13. Bxb4+ (13. Rxh8 Qe4 $18) 13... Ke6 14. Bg4+ (14. Rxh8 Nc6 15. Qd6+ Kf5 16. Bd3+ Qe4+ 17. Bxe4+ Kxe4 18. f3+ Kf5 19. Qd7+ Kxe5 20. Bc3+ Kf4 21. Qg4+ Ke3 22. Qe4#) (14. Rxh8 Nc6 15. Qd6+ Kf5 16. Bd3+ Qe4+ 17. Bxe4+ Kxe4 18. f3+ Kf5 19. Qd7+ Kxe5 20. Bc3+ Kf4 21. Qg4+ Ke3 22. Qe4#)) (11... O-O {keeps more tension.} 12. Nf3 Rd8 13. Rc4 Bxd2+ 14. Qxd2 Qb1+) 12. Qxd2 O-O 13. Nf3 Nc6 14. O-O Nxe5 15. Rfe1 Be6 16. Ng5 Qf5 17. Nxe6 fxe6 (17... Qxe6 {simplifies} 18. Qb2 Rae8 19. Qxb7 Qxa2 20. Ra1 Qd2) 18. Qe3 {[%emt 0:00:02] Hoping for Rc5.} Rad8 (18... Ng4 {simplifies} 19. Qg3 Qxf2+ 20. Qxf2 Nxf2 21. Rc7 Ne4) 19. Qxa7 (19. Rc5 $5 Rd5 $8 20. Rxd5 exd5 21. Qxa7 $11) 19... Nd3 20. Bxd3 Rxd3 21. Rc2 Rd1 22. Rxd1 Qxc2 $11 {[%emt 0:00:01][%mdl 4096] Endgame. KQR-KQR} 23. Rf1 b5 24. Qa6 Qc4 25. h3 h6 26. Re1 Rd8 27. g3 (27. Rxe6 {leads to mate.} Rd1+) 27... Rd2 28. a4 $1 ({Of course not} 28. Rxe6 Rd1+ 29. Kh2 Rd2 $15) (28. Qxe6+ Qxe6 29. Rxe6 Rxa2 $11) 28... Ra2 29. Qxb5 Rxa4 30. Qe8+ (30. Qxc4 {simplifies} Rxc4 31. Rxe6 Kf7 32. Ra6) 30... Kh7 31. Rxe6 {[%emt 0:00:20] White has more active pieces.} Ra1+ {[%emt 0:00:01] [#]} 32. Kh2 (32. Re1 $1 $16 Ra2 33. Qh5) 32... Rh1+ 33. Kg2 {[%emt 0:00:02] Threatening mate with Qg6+.} (33. Kxh1 $5 Qf1+ $8 34. Kh2 Qxf2+ 35. Kh1 Qf1+ 36. Kh2 Qf2+ 37. Kh1 Qf1+ 38. Kh2 Qf2+ $11) 33... Qf1+ 34. Kf3 {[%emt 0:00:02] White wants to mate with Qg6+.} Qd3+ (34... Qd1+ $1 $11 35. Kg2 (35. Re2 Rxh3 36. Qb5 Rh2 $11) 35... Rg1+ 36. Kh2 Rh1+ 37. Kg2 Rg1+ 38. Kh2 Rh1+ 39. Kg2) 35. Kg4 $14 Qd1+ 36. f3 {[%emt 0:00:11][%cal Bf2f3,Bf3f4][%mdl 32] Qg6+ would kill now.} Qd4+ 37. f4 {[%emt 0:00:16] White threatens Qg6+ and mate.} Qd1+ 38. Kh4 $1 Qd3 {[%emt 0:00:08] Against Qg6+} 39. Qf7 {[%emt 0:00:01] Dodges Qf5} (39. Re5 $14) 39... Rg1 $2 {[%emt 0:00:05][%mdl 8192] [#]} (39... Rxh3+ $11 40. Kxh3 Qf1+ 41. Kg4 Qd1+ 42. Kf5 Qd5+ 43. Kg4 Qd1+ 44. Kh4 Qh1+ 45. Kg4 Qd1+) 40. Rxh6+ $3 Kxh6 41. Qh5# {[%emt 0:00:00] Weighted Error Value: White=0.11 (very precise) /Black=0.17 (very precise) .  Loses game:     	---       	Black=1      Mistake:       	White=2     	Black=1      Inaccurate:     	---       	Black=2      OK:         	White=12    	Black=18     Best:        	White=4     	Black=1      Strong:       	White=2     	---        Brilliant:      	White=1     	---} 1-0

[Event "CCT Julius Baer-D3 2024"]
[Site "Online"]
[Date "2024.09.27"]
[Round "1.2"]
[White "Esipenko, Andrey"]
[Black "Kamsky, Gata"]
[Result "0-1"]
[ECO "B22"]
[WhiteElo "2699"]
[BlackElo "2631"]
[Annotator "ChessBase"]
[PlyCount "90"]
[EventDate "2024.09.25"]
[EventType "swiss"]
[EventCountry "NET"]
[SourceTitle "playchess.com"]
[Source "ChessBase"]
[SourceQuality "1"]
[TimeControl "600+2"]

1. e4 c5 2. Nf3 e6 3. c3 Nf6 4. e5 Nd5 5. d4 cxd4 6. cxd4 b6 7. Nc3 Bb7 8. Bd3 Be7 9. O-O Nxc3 10. bxc3 O-O 11. Qe2 d6 12. exd6 Qxd6 13. Ng5 Bxg5 14. Bxg5 Nd7 15. Rad1 Bxg2 16. Kxg2 Qd5+ 17. Be4 Qxg5+ 18. Kh1 Rac8 19. Rd3 Nf6 20. Bg2 Nh5 21. Qf3 Nf4 22. Re3 Qxg2+ 23. Qxg2 Nxg2 24. Kxg2 Rc4 25. Rd1 Ra4 26. d5 exd5 27. Rxd5 Rxa2 28. Rd7 a5 29. Rb7 Rb2 30. c4 Rb4 31. Rf3 a4 32. Rc7 h6 33. h4 h5 34. Rf5 g6 35. Rf3 b5 36. cxb5 Rxb5 37. Rc4 Ra5 38. Ra3 Rfa8 39. f3 Kg7 40. Kf2 R8a7 41. Ke3 f6 42. Kf2 g5 43. Kg3 R7a6 44. Rb4 Kg6 45. Rc4 Kf5 0-1

[Event "CCT Julius Baer-D3 2024"]
[Site "Online"]
[Date "2024.09.27"]
[Round "1.2"]
[White "Sargissian, Gabriel"]
[Black "Santos Latasa, Jaime"]
[Result "1/2-1/2"]
[ECO "E04"]
[WhiteElo "2646"]
[BlackElo "2624"]
[Annotator "TA"]
[PlyCount "112"]
[EventDate "2024.09.25"]
[EventType "swiss"]
[EventCountry "NET"]
[SourceTitle "playchess.com"]
[Source "ChessBase"]
[SourceQuality "1"]
[TimeControl "600+2"]

1. d4 Nf6 2. c4 e6 3. Nf3 d5 4. g3 dxc4 5. Bg2 c5 6. O-O Nc6 7. Qa4 Bd7 8. Qxc4 b5 9. Qc3 b4 10. Qd3 Rc8 11. Bf4 cxd4 12. Nbd2 Nd5 13. Be5 Nxe5 14. Nxe5 Be7 15. Rfc1 O-O 16. Qxd4 Bb5 17. e3 ({Much weaker is} 17. Qxa7 Rxc1+ 18. Rxc1 Nf4 19. gxf4 Qxd2 $15) 17... Qb6 18. Nb3 Bf6 19. Bxd5 exd5 20. Rxc8 Rxc8 21. Qxd5 Be8 {[%emt 0:00:51] This pair of bishops is nice.} 22. Nd7 Bxd7 23. Qxd7 Rd8 24. Qg4 Bxb2 25. Rd1 Rxd1+ 26. Qxd1 $11 {[%emt 0:00:02][%mdl 4096] Endgame. KQB-KQN} g6 27. Qd5 Bc3 28. Na5 Kg7 29. Nc4 Qe6 30. Qxe6 fxe6 $14 {[%emt 0:00:03] KB-KN} 31. Kf1 Kf6 32. Ke2 h5 33. Kd3 a6 (33... Ke7 $11 {keeps the balance.}) 34. f3 g5 {[%emt 0:00:04] [#]} (34... Ke7 $1 $14) 35. g4 $2 (35. Nd6 $1 $18 ) 35... hxg4 $11 {[%emt 0:00:04] The position is equal.} 36. fxg4 Ke7 {[%emt 0:00:05] Prevents Nd6} 37. Na5 {[%emt 0:01:07] aiming for Kc4.} Kd6 38. Nb3 {[%emt 0:00:02] Black must now prevent Kc4.} Kd5 39. h3 Be1 40. Ke2 (40. Nd4 $5 Bc3 $8 41. Nb3 $11) 40... Bg3 41. Kd3 Bc7 42. Nd2 a5 43. Nf3 Bd8 44. e4+ Kc5 45. Nd4 Bf6 46. e5 Bxe5 47. Nxe6+ Kd5 48. Nxg5 a4 49. Kc2 Bf6 50. Nf3 Ke4 51. Ne1 b3+ 52. axb3 axb3+ 53. Kxb3 Kf4 54. Kc4 Kg3 55. Kd5 Kxh3 56. Ke6 Kxg4 {[%emt 0:00:01] Weighted Error Value: White=0.08 (flawless) /Black=0.05 (flawless) .  Mistake:       	White=1     	Black=2      Inaccurate:     	---       	Black=1      OK:         	White=22    	Black=25     Best:        	White=2     	Black=6} 1/2-1/2

[Event "CCT Julius Baer-D3 2024"]
[Site "Online"]
[Date "2024.09.27"]
[Round "1.2"]
[White "Svane, Frederik"]
[Black "Theodorou, Nikolas"]
[Result "1-0"]
[ECO "C55"]
[WhiteElo "2640"]
[BlackElo "2619"]
[Annotator "TA"]
[PlyCount "69"]
[EventDate "2024.09.25"]
[EventType "swiss"]
[EventCountry "NET"]
[SourceTitle "playchess.com"]
[Source "ChessBase"]
[SourceQuality "1"]
[TimeControl "600+2"]

1. e4 e5 2. Nf3 Nc6 3. Bc4 Nf6 4. d3 Be7 5. Nc3 O-O 6. a3 a6 7. O-O d6 8. h3 Be6 9. Nd5 Bxd5 10. exd5 Nb8 {[%emt 0:00:00] White has an edge.} 11. Re1 c6 12. dxc6 Nxc6 13. Ba2 Re8 14. d4 e4 15. Ng5 d5 16. c4 {[%emt 0:00:02][%cal Bc2c4,Bc4d5][%mdl 32] [#] cxd5 is the strong threat.} Bd6 17. cxd5 Nb8 18. Bb1 Nbd7 19. Nxe4 ({Inferior is} 19. Bxe4 h6 $17) 19... Nxe4 20. Rxe4 Nf6 21. Rxe8+ Qxe8 22. Bg5 Ne4 23. Be3 f5 (23... Nf6 $16 24. Bd3 Qd7) 24. Qf3 g6 25. Bxe4 Qxe4 26. Qxe4 fxe4 $18 {[%emt 0:00:00][%mdl 4096] Endgame. KRB-KRB} 27. g4 Rc8 28. Rc1 {[%emt 0:00:03] Prevents Rc2.} Rf8 29. Kg2 Kf7 30. Bd2 Re8 31. Re1 Re7 32. Bg5 Re8 33. Re3 Kg7 34. a4 {[%emt 0:00:12] Strongly threatening Rb3.} Bb4 $2 {[%emt 0:00:58] [#]} (34... b5 35. Rc3 h6) 35. Bf4 {[%emt 0:00:10] Weighted Error Value: White=0.07 (flawless) /Black=0.35.  Mistake:       	White=1     	Black=2      Inaccurate:     	---       	Black=3      OK:         	White=13    	Black=2      Best:        	White=3     	Black=1} (35. Rb3 $142 h6 36. Rxb4 hxg5 37. Rxb7+ Kf6 38. Rb6+ Kf7 39. a5 (39. Rxa6 Rb8 $18)) 1-0

[Event "CCT Julius Baer-D3 2024"]
[Site "Online"]
[Date "2024.09.27"]
[Round "1.2"]
[White "Svane, Rasmus"]
[Black "Bosiocic"]
[Result "1-0"]
[ECO "A25"]
[WhiteElo "2636"]
[BlackElo "2623"]
[Annotator "ChessBase"]
[PlyCount "57"]
[EventDate "2024.09.25"]
[EventType "swiss"]
[EventCountry "NET"]
[SourceTitle "playchess.com"]
[Source "ChessBase"]
[SourceQuality "1"]
[TimeControl "600+2"]

1. c4 e5 2. Nc3 d6 3. g3 Nc6 4. Bg2 g6 5. e4 Bg7 6. Nge2 h5 7. h3 Bh6 8. d4 Bxc1 9. Rxc1 h4 10. g4 g5 11. Qd2 f6 12. Nd5 Kf7 13. O-O Kg7 14. Rfd1 Nge7 15. Ne3 Ng6 16. c5 Qe7 17. cxd6 cxd6 18. Nf5+ Bxf5 19. exf5 Nf4 20. Nxf4 exf4 21. Bxc6 bxc6 22. Rxc6 Rhe8 23. d5 Rad8 24. Rcc1 Qe4 25. Re1 Qa4 26. Re6 Rf8 27. Rc7+ Rd7 28. b3 Qb5 29. a4 1-0

[Event "CCT Julius Baer-D3 2024"]
[Site "Online"]
[Date "2024.09.27"]
[Round "1.2"]
[White "Hakobyan, Aram"]
[Black "Keymer, Vincent"]
[Result "0-1"]
[ECO "E21"]
[WhiteElo "2634"]
[BlackElo "2799"]
[Annotator "TA"]
[PlyCount "92"]
[EventDate "2024.09.25"]
[EventType "swiss"]
[EventCountry "NET"]
[SourceTitle "playchess.com"]
[Source "ChessBase"]
[SourceQuality "1"]
[TimeControl "600+2"]

1. d4 Nf6 2. c4 e6 3. Nc3 Bb4 4. Nf3 O-O 5. Bg5 c5 6. a3 Bxc3+ 7. bxc3 d6 8. e3 {[%emt 0:00:11] The position is equal.} b6 9. Bd3 Bb7 10. Nd2 h6 11. Bh4 Nbd7 12. O-O Re8 13. f3 Nf8 14. Re1 Qe7 15. e4 e5 16. d5 Ng6 17. Bf2 Nf4 18. Nf1 Bc8 19. Ne3 Nh7 20. Kh1 Bd7 (20... Nxd3 $11 21. Qxd3 Qd8) 21. Bb1 h5 22. Ra2 Qf6 (22... h4 $11) 23. Rf1 h4 24. Be1 Qh6 25. Qd2 Nf6 26. Kg1 Qg5 27. Kh1 Qh6 28. Qf2 g5 29. Qd2 Kh8 30. Kg1 Rg8 31. g3 $2 (31. h3 $11) 31... Nh3+ {[%emt 0:00:33] Excellent horsemanship.} (31... hxg3 $19 32. Bxg3 Rgc8) 32. Kg2 (32. Kh1 $17 {was forced.}) 32... Nf4+ 33. Kg1 $1 {[%emt 0:00:05] [#]} Rg7 $2 34. Nf5 $2 (34. gxf4 $2 gxf4+ 35. Ng2 h3 $19) (34. g4 $1 $11 {and White is okay.}) 34... Bxf5 $19 35. exf5 {[%emt 0:00:00] [#]} Rag8 $2 36. gxf4 $2 (36. g4 $1 $11 {and White stays safe.}) 36... gxf4+ 37. Kh1 {[%emt 0:00:00] [#]} Nh5 $4 (37... h3 $1 $19 {and all is fine.} 38. Qf2 Rg5 (38... Rg2 39. Qh4 $16)) 38. f6 $2 ({White must play} 38. Bxh4 $18 {Strongly threatening Qe1.} Rg3 39. Qe1) 38... Qxf6 $11 39. Qf2 $2 {[%emt 0:00:30][%mdl 8192] [#]} (39. Qc2 $11 Qg5 40. h3 (40. Qf5 $2 {gets mated.} Qg1+ 41. Rxg1 Rxg1#)) 39... Qg5 $1 $19 40. Re2 h3 41. Bf5 Qxf5 42. Qh4 Rh7 {[%emt 0:00:01] And now ...Qd3 would win.} 43. Qe7 Qg6 (43... Qd3 $142 44. Ref2 Qg6 (44... Qxc4 $2 45. Qxd6 f6 46. Qe6 $19) 45. Qd7 Ng3+ (45... f5 $2 46. Qe6 $19) 46. hxg3 fxg3 47. Qg4 g2+ (47... gxf2 $2 48. Qxg6 Rxg6 49. Rxf2 $19) (47... Qd3 48. Qxg3 Rxg3 49. Rg1 Rxg1+ 50. Kxg1 Qe3 51. Kh2 Qxe1 52. Rb2 Rg7 53. Rb5 Qg3+ 54. Kh1 Qg2#) 48. Kh2 gxf1=N+ (48... gxf1=B $2 49. Qxg6 Rxg6 50. Rxf1 $19) 49. Rxf1 Qd3 50. Rf2 Rxg4 51. fxg4 Qe4 (51... Qxc4 $2 52. g5 $19) 52. g5 Qxe1 53. Rc2 Rg7 54. Kxh3 Qe3+ (54... Rxg5 {leads to mate.} 55. Rg2 Qe3+ 56. Kh4 Qf4+ 57. Kh3 Rh5#) 55. Kg2 Rxg5+ 56. Kh2 Qg3+ 57. Kh1 Qg1#) 44. Bh4 Rhg7 {[%emt 0:00:05][%cal Og6g1] Black mates.} 45. Bg5 Qxg5 46. Qxg5 Rxg5 {[%emt 0:00:01] Weighted Error Value: White=0.83/Black=0.62.  Loses game:     	White=4     	---        Missed win:     	White=1     	Black=3      Mistake:       	White=1     	Black=3      Inaccurate:     	White=4     	Black=3      OK:         	White=4     	Black=9      Best:        	White=2     	Black=1      Strong:       	White=1     	Black=1} 0-1

[Event "CCT Julius Baer-D3 2024"]
[Site "Online"]
[Date "2024.09.27"]
[Round "1.2"]
[White "Svane, Rasmus"]
[Black "Bosiocic, Marin"]
[Result "1-0"]
[ECO "A25"]
[WhiteElo "2629"]
[BlackElo "2555"]
[Annotator "TA"]
[PlyCount "57"]
[EventDate "2024.09.25"]
[EventType "swiss"]
[EventCountry "NET"]
[SourceTitle "playchess.com"]
[Source "ChessBase"]
[SourceQuality "1"]
[TimeControl "600+2"]

1. c4 e5 2. Nc3 d6 3. g3 Nc6 4. Bg2 g6 5. e4 Bg7 6. Nge2 h5 7. h3 Bh6 (7... Nd4 $11) 8. d4 $16 Bxc1 9. Rxc1 {[%emt 0:00:02] White is better.} ({But not} 9. Qxc1 $6 exd4 10. Nb5 h4 $11) 9... h4 10. g4 g5 11. Qd2 f6 12. Nd5 Kf7 (12... Nxd4 $142 13. Nxd4 exd4) 13. O-O Kg7 14. Rfd1 {[%emt 0:00:18] White has more active pieces.} (14. b4 $142) 14... Nge7 15. Ne3 (15. c5 $142) 15... Ng6 16. c5 Qe7 $2 {[%emt 0:00:04][%mdl 8192] [#] This costs Black the game.} (16... Nxd4 $16 17. Nxd4 exd4) 17. cxd6 $18 cxd6 18. Nf5+ Bxf5 19. exf5 Nf4 20. Nxf4 exf4 21. Bxc6 bxc6 22. Rxc6 {[%emt 0:00:06] Black must now prevent Re1.} Rhe8 23. d5 Rad8 24. Rcc1 Qe4 $2 {[%emt 0:00:09] [#]} (24... Qe2 25. Rc7+ Kg8) 25. Re1 Qa4 26. Re6 Rf8 {[%emt 0:00:11] Black is weak on the light squares} (26... Qd7 $142 27. Rc6 Qf7) 27. Rc7+ {[%emt 0:00:09] White is clearly winning.} Rd7 28. b3 Qb5 29. a4 {[%emt 0:00:09] Weighted Error Value: White=0.46/Black=0.41.  Loses game:     	---       	Black=1      Mistake:       	White=2     	Black=3      Inaccurate:     	White=2     	Black=2      OK:         	White=5     	Black=3      Best:        	White=2     	Black=4} 1-0